 Dungeon Crawl Stone Soup version 0.23.2-33-g5129a83184 (webtiles) character file.

Game seed: 11287324474953033274

121 senseless the Sneak (level 5, -7/34 HPs)
             Began as an Octopode Assassin on July 2, 2019.
             Mangled by a gnoll
             ... wielding a +1 vampiric spear
              (9 damage)
             ... on level 3 of the Dungeon.
             The game lasted 00:09:23 (2120 turns).

senseless the Sneak (Octopode Assassin)             Turns: 2120, Time: 00:09:24

Health: -7/34      AC:  1    Str: 10    XL:     5   Next: 5%
Magic:  5/5        EV:  7    Int: 14    God:
Gold:   101        SH:  0    Dex: 14    Spells: 4/4 levels left

rFire    . . .     SeeInvis .   a - +2 dagger
rCold    . . .     Gourm    .   (no shield)
rNeg     . . .     Faith    .   (helmet restricted)
rPois    .         Spirit   .   h - +4 amulet of reflection
rElec    .         Reflect  +   p - ring of resist corrosion
rCorr    +         Harm     .   (no ring)
MR       .....                  (no ring)
Stlth    +++++.....             (no ring)
HPRegen  0.11/turn              (no ring)
MPRegen  0.09/turn              (no ring)
                                (no ring)
                                (no ring)

@: held
A: almost no armour, stealthy swim, amphibious, 8 rings, constrict 8, camouflage
1, gelatinous body 1
a: no special abilities


You were on level 3 of the Dungeon.
You were hungry.

You visited 1 branch of the dungeon, and saw 3 of its levels.

You collected 101 gold pieces.

Inventory:

Hand Weapons
 a - a +2 dagger (weapon)
 b - a +0 blowgun
Missiles
 c - 8 poisoned needles
 d - 2 curare-tipped needles
 m - 4 needles of frenzy
Jewellery
 h - a +4 amulet of reflection (around mantle)
 p - a ring of resist corrosion (left tentacle)
Scrolls
 e - a scroll of fog
 j - a scroll of blinking {unknown}
 l - 2 scrolls of remove curse
Potions
 g - 2 potions of resistance
 k - a potion of curing {unknown}
 n - a potion of agility
 o - a potion of cancellation {unknown}
Comestibles
 f - 3 rations


   Skills:
 + Level 2.2 Fighting
 + Level 2.4 Short Blades
 + Level 2.6 Throwing
 + Level 1.1 Dodging
 + Level 7.6 Stealth


You had 4 spell levels left.
You didn't know any spells.
Your spell library contained the following spells:

 Spells                   Type           Power        Failure   Level  Hunger
 Sublimation of Blood     Necr           #.........   41%         2    ###....
 Ignite Poison            Fire/Tmut/Pois #.......     65%         3    ####...
 Petrify                  Tmut/Erth      #.......     96%         4    #####..
 Alistair's Intoxication  Tmut/Pois      #.......     100%        5    ######.
 Irradiate                Conj/Tmut      #.........   100%        5    ######.


Dungeon Overview and Level Annotations

Branches:
Dungeon (3/15)

Altars:
Gozag


Innate Abilities, Weirdness & Mutations

You cannot wear most types of armour.
You are very stealthy in the water. (Stealth+)
You are amphibious.
You can wear up to eight rings at the same time.
You can use your tentacles to constrict eight enemies at once.
Your skin changes colour to match your surroundings (Stealth+).
Your rubbery body absorbs attacks. (AC +1, EV +1)


Message History

The gnoll shouts!
You hit the gnoll but do no damage.
The gnoll is heavily wounded.
You constrict the gnoll. The gnoll misses you.
The gnoll throws a throwing net.
The throwing net hits you.
You become entangled in the net!
You struggle against the net.
You constrict the gnoll.
The gnoll hits you with a +1 vampiric spear.
The gnoll draws strength from your wounds!
You tear a large gash into the net.
You constrict the gnoll. The kobold hits you.
* * * LOW HITPOINT WARNING * * *
The gnoll hits you with a +1 vampiric spear.
* * * LOW HITPOINT WARNING * * *
The gnoll draws strength from your wounds!
You rip the net and break free!
You constrict the gnoll. The kobold hits you.
* * * LOW HITPOINT WARNING * * *
The gnoll throws a throwing net.
The throwing net hits you.
You become entangled in the net!
The gnoll hits you with a +1 vampiric spear!
You die...

###.............##.........####..
......###.###.####.........# ##.
......# #.###..# #.........# #.
......# #..g##.# #.........# #.
###.#######....# ##.......## #.
#.........#..## #......## #.
#########.#...###.###### ###.
#.##.<....# #####... #รท###.@K#<#
##....... g#########.##..#g#.#
##......##
................O..####..#.#####
.%..####.......#.#......#..# #
#.g.##...............#..## #
#$..............##....# #
#...............#.....# #
#....##.##.###...........#
#.####..##..####)...##...#


You could see an ogre, 2 gnolls and a kobold.

Vanquished Creatures
  A gnoll (D:3)
  5 adders
  2 oozes (D:2)
  A worm (D:2)
  3 dart slugs
  2 leopard geckos (D:1)
  3 giant cockroaches
  4 goblins
  9 hobgoblins
  A quokka (D:2)
  5 bats
  3 frilled lizards
  4 kobolds
  7 rats
50 creatures vanquished.

Notes
Turn   | Place    | Note
-------+----------+-------------------------------------------
     0 | D:1      | senseless the Octopode Assassin began the quest for the
                  | Orb.
     0 | D:1      | Reached XP level 1. HP: 14/14 MP: 1/1
    69 | D:1      | Reached XP level 2. HP: 18/19 MP: 2/2
   694 | D:2      | Reached skill level 6 in Stealth
   727 | D:2      | Reached XP level 3. HP: 22/24 MP: 3/3
  1121 | D:2      | Reached XP level 4. HP: 24/29 MP: 4/4
  1127 | D:2      | Reached skill level 7 in Stealth
  1503 | D:3      | Found an opulent altar of Gozag.
  1753 | D:3      | Noticed an ogre
  1906 | D:3      | Reached XP level 5. HP: 16/34 MP: 5/5
  2120 | D:3      | Mangled by a gnoll

Skill      XL: |  1  2  3  4 |
---------------+-------------+-----
Stealth        | 6 7 |  7.6
Fighting       | |  2.2
Short Blades   | |  2.4
Throwing       | |  2.6
Dodging        | |  1.1

Action                   |  1- 3 |  4- 6 || total
-------------------------+-------+-------++-------
Melee: Dagger            |    54 |    53 ||   107
       Constrict         |    11 |    10 ||    21
       Tentacles         |     7 |     6 ||    13
  Use: Scroll            |     3 |     5 ||     8
 Stab: Sleeping          |    13 |     5 ||    18
       Distracted        |       |     1 ||     1
  Eat: Chunk             |     1 |     2 ||     3
Armor: Skin              |     1 |     1 ||     2
Dodge: Dodged            |    15 |    26 ||    41
Block: Other             |     2 |     7 ||     9
